[Event "Late-Titled-Tuesday-Blitz-April-02-2024"]
[Site "Chess.com"]
[Date "2024.04.02"]
[Round "5"]
[White "RaugintaBulba"]
[Black "Ar4uha"]
[Result "0-1"]
[WhiteElo "2427"]
[BlackElo "2599"]
[TimeControl "180+1"]
[EndTime "14:50:20 PDT"]
[Termination "Ar4uha won on time"]

1. d4 Nf6 2. c4 e6 3. Nf3 b6 4. g3 Ba6 5. b3 d5 6. cxd5 exd5 7. Bg2 Nbd7 8. Bb2 Bd6 9. Ne5 c5 10. Nxd7 Qxd7 11. dxc5 Bxc5 12. Bxf6 gxf6 13. Qxd5 Qxd5 14. Bxd5 O-O-O 15. e4 Bd4 0-1

[Event "Late-Titled-Tuesday-Blitz-April-02-2024"]
[Site "Chess.com"]
[Date "2024.04.02"]
[Round "5"]
[White "Dhaydon19"]
[Black "dosto07"]
[Result "1-0"]
[WhiteElo "2656"]
[BlackElo "2467"]
[TimeControl "180+1"]
[EndTime "14:50:35 PDT"]
[Termination "Dhaydon19 won by checkmate"]

1. e4 e5 2. Nc3 Nf6 3. Nf3 Nc6 4. Bc4 Bc5 5. d3 d6 6. h3 a6 7. a3 h6 8. b4 Ba7 9. Be3 Be6 10. Qe2 O-O 11.
O-O Nd4 12. Bxd4 Bxd4 13. Nxd4 exd4 14. Bxe6 fxe6 15. Nb1 e5 16. Nd2 Qe8 17. f4 Nh5 18.
Qg4 Rxf4 19. Rxf4 Nxf4 20. Nf3 Qe6 21. Qh4 Rf8 22. Kh2 Rf6 23. Rf1 Rg6 24. g3 Ne2 25. Qd8+ Kh7 26. g4 Rf6 27. Qxc7 Qa2 28. Ng5+ Kg6 29.
Rxf6+ gxf6 30. Qh7+ Kxg5 31. Qf5+ Kh4 32. Qh5# 1-0

[Event "Late-Titled-Tuesday-Blitz-April-02-2024"]
[Site "Chess.com"]
[Date "2024.04.02"]
[Round "5"]
[White "HajiyevKanan"]
[Black "WindWhistler11"]
[Result "1-0"]
[WhiteElo "2611"]
[BlackElo "2442"]
[TimeControl "180+1"]
[EndTime "14:50:41 PDT"]
[Termination "HajiyevKanan won by resignation"]

1. d4 e6 2. Nf3 Nf6 3. c4 c5 4.
e3 b6 5. Be2 cxd4 6. Nxd4 Bb7 7. O-O Be7 8. b3 O-O 9. Bb2 d6 10. Nc3 Na6 11. Bf3 Qd7 12. Bxb7 Qxb7 13. Rc1 Rac8 14. Qe2 Rfd8 15. Rfd1 h6 16. Kh1 Nc5 17. f3 d5 18. cxd5 Nxd5 19. Nxd5 Rxd5 20. e4 Rdd8 21. Nc2 Qa6 22. Qxa6 Nxa6 23. Ne3 Rxc1 24. Bxc1 Rxd1+ 25. Nxd1 Nb4 26. Ba3 Kf8 27. Bxb4 Bxb4 28. Kg1 Ke7 29. Kf2 Kd6 30. Ke3 Bc5+ 31. Kd3 Bg1 32. h3 Ke5 33. Nc3 Kf4 34. Ne2+ 1-0

[Event "Late-Titled-Tuesday-Blitz-April-02-2024"]
[Site "Chess.com"]
[Date "2024.04.02"]
[Round "5"]
[White "cthake"]
[Black "APOKALIPSA13"]
[Result "0-1"]
[WhiteElo "1823"]
[BlackElo "2292"]
[TimeControl "180+1"]
[EndTime "14:51:10 PDT"]
[Termination "APOKALIPSA13 won by resignation"]

1. e4 e5 2. f4 exf4 3. Nf3 g5 4. h4 g4 5. Ng5 h6 6. Nxf7 Kxf7 7. Bc4+ d5 8.
Bxd5+ Be6 9. Bxb7 Nd7 10. Bxa8 Qxa8 11. d3 Bd6 12. O-O f3 13. gxf3 g3 14. f4 Ngf6 15.
e5 Bg4 16. Qe1 Bc5+ 17. Be3 Nh5 18. d4 Bb6 19. Nd2 Re8 20. f5 Nxe5 21. dxe5 Rxe5 22. Nc4 Rxe3 23. Nxe3 Bh3 24. Qe2 Bxe3+ 0-1

[Event "Late-Titled-Tuesday-Blitz-April-02-2024"]
[Site "Chess.com"]
[Date "2024.04.02"]
[Round "5"]
[White "MasterofMasters2006"]
[Black "SmirnovTimofey2000"]
[Result "1-0"]
[WhiteElo "2236"]
[BlackElo "1935"]
[TimeControl "180+1"]
[EndTime "14:51:10 PDT"]
[Termination "MasterofMasters2006 won by resignation"]

1. e4 e5 2. Nf3 Nf6 3. Nxe5 d6 4.
Nf3 Nxe4 5. d4 d5 6. Bd3 Nc6 7. O-O Be7 8. Re1 Bg4 9. c3 f5 10. h3 Bh5 11. Nbd2 O-O 12. Qb3 Rf6 13. Nxe4 fxe4 14.
Bxe4 Kh8 15. Qxd5 Bxf3 16. Bxf3 Qf8 17. Bg5 Rd6 18. Bxe7 Nxe7 19. Qxb7 Rb8 20. Qxc7 Rdb6 1-0

[Event "Late-Titled-Tuesday-Blitz-April-02-2024"]
[Site "Chess.com"]
[Date "2024.04.02"]
[Round "5"]
[White "Mikhal867"]
[Black "MikaelyanArman"]
[Result "0-1"]
[WhiteElo "2516"]
[BlackElo "2814"]
[TimeControl "180+1"]
[EndTime "14:51:15 PDT"]
[Termination "MikaelyanArman won on time"]

1. e4 c5 2. Nf3 b6 3. d3 Bb7 4.
Nbd2 e6 5. g3 Nf6 6. Bg2 d5 7.
e5 Nfd7 8. O-O Nc6 9. Re1 g5 10. h3 h5 11. Nf1 g4 12. Bg5 Be7 13. Bxe7 Qxe7 14. Nh4 Ndxe5 15. c3 gxh3 16. Bxh3 Rg8 17. Nf5 exf5 18. d4 O-O-O 19. dxe5 Kb8 20. f4 h4 21. Bxf5 hxg3 22. Kg2 Qh4 23. Bh3 d4 0-1

[Event "Late-Titled-Tuesday-Blitz-April-02-2024"]
[Site "Chess.com"]
[Date "2024.04.02"]
[Round "5"]
[White "Joshuachick"]
[Black "Defend1r"]
[Result "1-0"]
[WhiteElo "2883"]
[BlackElo "2655"]
[TimeControl "180+1"]
[EndTime "14:51:37 PDT"]
[Termination "Joshuachick won by resignation"]

1. e4 c5 2. Ne2 d6 3. g3 Nf6 4. Bg2 g6 5. O-O Bg7 6. c3 O-O 7.
d4 e5 8. h3 cxd4 9. cxd4 Qe7 10. Nbc3 a6 11. Be3 b5 12. d5 Nbd7 13. Qd2 Ne8 14.
Rac1 f5 15. b4 fxe4 16. Nxe4 Nef6 17. Ng5 Bb7 18. Rc7 Rfb8 19. Ne6 Ne8 20. Rc6 Bf6 21.
Rfc1 Nf8 22. Ng5 Bxc6 23. dxc6 Nc7 24. Nc3 Bxg5 25. Bxg5 Qf7 26. Nd5 Rc8 27. Ne7+ Kh8 28. Qxd6 Qe6 29. Bf6+ 1-0

[Event "Late-Titled-Tuesday-Blitz-April-02-2024"]
[Site "Chess.com"]
[Date "2024.04.02"]
[Round "5"]
[White "AlexandreHouhou"]
[Black "shirovin"]
[Result "1-0"]
[WhiteElo "2363"]
[BlackElo "2064"]
[TimeControl "180+1"]
[EndTime "14:51:41 PDT"]
[Termination "AlexandreHouhou won on time"]

1. d4 Nf6 2. Nc3 d5 3. Bf4 c5 4. e3 Nc6 5. Nf3 a6 6. Be2 e6 7.
O-O Bd6 8. Bxd6 Qxd6 9. Qd2 O-O 10.
Rfe1 b5 11. dxc5 Qxc5 12. Nd4 b4 13. Na4 Qd6 14. Nxc6 Qxc6 15. Qxb4 Bd7 16. Nc5 Rfb8 17. Qa3 a5 18. c4 dxc4 19. Bf3 Nd5 20. e4 Nb4 21. Nxd7 Qxd7 22. e5 Nd5 23. Rad1 Rb4 24. b3 c3 25. Qc1 Rc8 26. Re3 Qc7 27. Bxd5 exd5 28. Rxd5 Qc6 29. Rxc3 1-0

[Event "Late-Titled-Tuesday-Blitz-April-02-2024"]
[Site "Chess.com"]
[Date "2024.04.02"]
[Round "5"]
[White "Charodej1"]
[Black "MoldyTofu"]
[Result "1-0"]
[WhiteElo "2392"]
[BlackElo "2054"]
[TimeControl "180+1"]
[EndTime "14:51:43 PDT"]
[Termination "Charodej1 won by resignation"]

1. Nf3 c5 2. e4 d6 3. d4 cxd4 4. Qxd4 Nf6 5. Nc3 Nc6 6. Bb5 Bd7 7. Bxc6 Bxc6 8. Bg5 e5 9. Qd3 Be7 10. Bxf6 Bxf6 11. Nd2 Qc7 12. Nc4 Rd8 13. Ne3 Qb6 14. O-O Bg5 15. Ned5 Bxd5 16. Nxd5 Qc6 17. c4 O-O 18. Rad1 Rfe8 19. b3 a6 20. Qg3 Be7 21. Rd3 b5 22. cxb5 axb5 23. Rfd1 Kh8 24. h3 Bf8 25.
Qe3 Ra8 26. Rc1 Qb7 27. Nc7 Rec8 28. Nxa8 1-0

[Event "Late-Titled-Tuesday-Blitz-April-02-2024"]
[Site "Chess.com"]
[Date "2024.04.02"]
[Round "5"]
[White "Yushko_Olga"]
[Black "JACK_BAU3R"]
[Result "1-0"]
[WhiteElo "2235"]
[BlackElo "1874"]
[TimeControl "180+1"]
[EndTime "14:51:45 PDT"]
[Termination "Yushko_Olga won by resignation"]

1. d4 d5 2. c4 e6 3. cxd5 exd5 4. Nc3 c6 5. Bf4 Bd6 6. Bxd6 Qxd6 7. e3 Bf5 8. Nge2 Nf6 9. Ng3 Bg6 10. Bd3 Nbd7 11.
O-O b5 12. Rc1 Bxd3 13. Qxd3 g6 14. e4 Nxe4 15. Ncxe4 dxe4 16. Qxe4+ Kf8 17. Rxc6 Qb4 18. Rc7 Rd8 19. Qd5 Ke7 20. a3 Qa5 21. Qe5+ 1-0

[Event "Late-Titled-Tuesday-Blitz-April-02-2024"]
[Site "Chess.com"]
[Date "2024.04.02"]
[Round "5"]
[White "sorch29"]
[Black "ahkashefi2800"]
[Result "0-1"]
[WhiteElo "2430"]
[BlackElo "2600"]
[TimeControl "180+1"]
[EndTime "14:51:47 PDT"]
[Termination "ahkashefi2800 won by resignation"]

1. c4 c5 2. Nf3 b6 3. d4 cxd4 4. Nxd4 Bb7 5. Nc3 Nf6 6. f3 e6 7.
e4 d6 8. Be3 Be7 9. Rc1 Nbd7 10. Be2 O-O 11. O-O a6 12. Qd2 Rc8 13. b3 Qc7 14. Rfe1 Rfe8 15. Bf1 Qb8 16. Qf2 Bd8 17. Kh1 Bc7 18. Qg1 Ne5 19. Nde2 Nd3 20. Bxb6 Nxe1 21. Rxe1 d5 22. exd5 exd5 23. Bxc7 Rxc7 24. Nxd5 Bxd5 25. cxd5 Nxd5 26. Rb1 Ne3 27. Ng3 Rc2 28. Bxa6 Rxg2 29. Qe1 Rxa2 30. Bc4 Nxc4 31. bxc4 Rxe1+ 32. Rxe1 0-1

[Event "Late-Titled-Tuesday-Blitz-April-02-2024"]
[Site "Chess.com"]
[Date "2024.04.02"]
[Round "5"]
[White "MarceloPlaya"]
[Black "PawnEatingZombie"]
[Result "1-0"]
[WhiteElo "2390"]
[BlackElo "2170"]
[TimeControl "180+1"]
[EndTime "14:51:48 PDT"]
[Termination "MarceloPlaya won by resignation"]

1. e4 c5 2. Nf3 Nc6 3. d4 cxd4 4.
Nxd4 e5 5. Nb5 d6 6. N1c3 a6 7. Na3 Be7 8. Be3 Nf6 9. f3 O-O 10.
Qd2 b5 11. Nd5 Nxd5 12. exd5 Nb8 13. O-O-O Nd7 14. c4 bxc4 15. Nxc4 a5 16. Kb1 a4 17. Rc1 Ba6 18. Na3 Bxf1 19. Rhxf1 Qa5 20. Qxa5 Rxa5 21. Rc7 Rd8 22. Rd1 Bf8 23. Nc4 Rb5 24. Na3 Ra5 25.
Rc6 Nb8 26. Bb6 Nxc6 27. dxc6 Raa8 28. Bxd8 Rxd8 29. Rc1 Rc8 30. Nb5 d5 31. c7 1-0

[Event "Late-Titled-Tuesday-Blitz-April-02-2024"]
[Site "Chess.com"]
[Date "2024.04.02"]
[Round "5"]
[White "Durarbayli"]
[Black "Andrei_Skvortsov"]
[Result "1-0"]
[WhiteElo "2926"]
[BlackElo "2663"]
[TimeControl "180+1"]
[EndTime "14:51:50 PDT"]
[Termination "Durarbayli won by resignation"]

1. d4 d6 2. e4 Nf6 3. Nc3 e5 4. Nf3 Nbd7 5. Rg1 c6 6. g4 h6 7.
Be3 Qc7 8. h4 exd4 9. Nxd4 Nc5 10. f3 b5 11. g5 hxg5 12. hxg5 Nh5 13. Nxc6 a6 14. Nb4 Bb7 15. Qd2 O-O-O 16. Nbd5 Qc6 17. O-O-O Kb8 18. Nb4 Qc8 19. Rh1 Be7 20. Bh3 Ne6 21. Ncd5 Bf8 22. Bg4 g6 23. Bxe6 fxe6 24. Qd4 exd5 25. Nxa6+ 1-0

[Event "Late-Titled-Tuesday-Blitz-April-02-2024"]
[Site "Chess.com"]
[Date "2024.04.02"]
[Round "5"]
[White "KaydenTroffChess"]
[Black "ninguno46"]
[Result "1-0"]
[WhiteElo "2845"]
[BlackElo "2593"]
[TimeControl "180+1"]
[EndTime "14:51:53 PDT"]
[Termination "KaydenTroffChess won by resignation"]

1. d4 Nf6 2. Nf3 e6 3. Bf4 b6 4. e3 Bb7 5. Nbd2 Be7 6. Bd3 O-O 7.
Qe2 c5 8. c3 cxd4 9. exd4 d6 10.
O-O Nbd7 11. Rad1 Qc7 12. Rfe1 Rfe8 13. Bg3 Bf8 14. Bb1 a6 15. Bh4 g6 16. a3 b5 17. Ne4 Nxe4 18. Bxe4 Bxe4 19. Qxe4 Nb6 20.
Bg5 a5 21. Qh4 Bg7 22. Bh6 f6 23. Bxg7 Qxg7 24. Nd2 d5 25. Nb3 Na4 26. Re2 Qf7 27.
Rde1 Kg7 28. h3 Ra6 29. Qg3 Qd7 30. h4 h5 31. Nc1 Rc6 32. Nd3 Qf7 33. Nf4 Kh7 34. Qd3 Rb8 35. Nxe6 b4 36. Ng5+ fxg5 37. Re7 Rb7 38. Rxf7+ 1-0

[Event "Late-Titled-Tuesday-Blitz-April-02-2024"]
[Site "Chess.com"]
[Date "2024.04.02"]
[Round "5"]
[White "Mariia89"]
[Black "kingofthenil"]
[Result "0-1"]
[WhiteElo "2279"]
[BlackElo "2786"]
[TimeControl "180+1"]
[EndTime "14:52:04 PDT"]
[Termination "kingofthenil won on time"]

1. d4 Nf6 2. Nf3 e6 3. Bg5 h6 4. Bh4 d6 5. e3 g5 6. Bg3 Nh5 7. Bd3 Bg7 8. Nfd2 Nxg3 9. hxg3 Qe7 10. c3 Bd7 11. c4 c5 12. Nf3 Nc6 13. Be4 g4 14. Bxc6 Bxc6 15. Nh4 h5 16. Nc3 O-O-O 17. d5 Bxc3+ 18. bxc3 exd5 19. cxd5 Bb5 20. c4 Bxc4 21. Rc1 Ba6 22. Qd2 Qe4 23. f3 gxf3 24. gxf3 Qe5 25.
Kf2 Rhg8 26. Rhg1 Qf6 27. Rc3 Rde8 28. Ra3 Re4 29. Rxa6 bxa6 30. Rb1 Rxh4 31. Qa5 Rh2+ 32. Ke1 Rh1+ 33. Kd2 Rxb1 34. Qxa6+ Rb7 35. Qc6+ Kb8 0-1

[Event "Late-Titled-Tuesday-Blitz-April-02-2024"]
[Site "Chess.com"]
[Date "2024.04.02"]
[Round "5"]
[White "Indefatigable11"]
[Black "prochn"]
[Result "1-0"]
[WhiteElo "2182"]
[BlackElo "2512"]
[TimeControl "180+1"]
[EndTime "14:52:07 PDT"]
[Termination "Indefatigable11 won by resignation"]

1. d4 d5 2. c4 c6 3. Nf3 Nf6 4. e3 Bf5 5. Nc3 e6 6. Nh4 Be4 7. f3 Bg6 8. Bd2 dxc4 9. Nxg6 hxg6 10. Bxc4 Nbd7 11. Qc2 Bd6 12. O-O-O b5 13. Bd3 a6 14. e4 e5 15. dxe5 Nxe5 16. Kb1 Qe7 17. Be2 Nc4 18. Bxc4 bxc4 19. e5 Bxe5 20. Rde1 O-O 21. f4 Nd7 22.
fxe5 Nxe5 23. Bf4 f6 24. Bxe5 fxe5 25. Qxg6 Rf2 26. Qxc6 Rb8 27. Qxc4+ Kh8 28. Re2 Rxe2 29. Qxe2 Qc5 30. Rc1 a5 31. Ne4 Qd4 32. Rc7 a4 33.
Qh5+ Kg8 34. Qf7+ 1-0

[Event "Late-Titled-Tuesday-Blitz-April-02-2024"]
[Site "Chess.com"]
[Date "2024.04.02"]
[Round "5"]
[White "SaqoChess_Twitch"]
[Black "TheoSlade"]
[Result "1-0"]
[WhiteElo "2667"]
[BlackElo "2389"]
[TimeControl "180+1"]
[EndTime "14:52:07 PDT"]
[Termination "SaqoChess_Twitch won by checkmate"]

1. d4 d5 2. c4 e6 3. Nc3 a6 4.
cxd5 exd5 5. Nf3 c6 6. Bf4 Bd6 7. Bxd6 Qxd6 8. e3 Ne7 9. Bd3 Bf5 10. O-O O-O 11. Ne5 Nd7 12. Nxd7 Qxd7 13. Bxf5 Nxf5 14. Na4 Nd6 15. Nb6 Qe7 16. Nxa8 Rxa8 17. Qb3 f5 18. Qa3 Rf8 19. Rac1 Qf6 20. b3 f4 21. exf4 Qxf4 22. Qb2 Nf5 23. Rcd1 Nh4 24. f3 Qg5 25. Kh1 Nf5 26.
Rfe1 Ne3 27. Qd2 Re8 28. Rc1 Re6 29. Re2 Qh6 30. Rce1 Nf5 31. Qxh6 Rxh6 32. Kg1 Kf7 33. Re5 Rf6 34. Rd1 Nd6 35. h4 Rf4 36. a4 Rxh4 37.
g4 Rh6 38. Kg2 Rf6 39. Kg3 Nc8 40. f4 Ne7 41. f5 Rd6 42. Rde1 Ng8 43. g5 Rd7 44.
Kg4 h6 45. g6+ Kf6 46. Re6# 1-0

[Event "Late-Titled-Tuesday-Blitz-April-02-2024"]
[Site "Chess.com"]
[Date "2024.04.02"]
[Round "5"]
[White "arturdailima"]
[Black "Meri-Arabidze"]
[Result "0-1"]
[WhiteElo "2405"]
[BlackElo "2708"]
[TimeControl "180+1"]
[EndTime "14:52:09 PDT"]
[Termination "Meri-Arabidze won by resignation"]

1. Nf3 Nf6 2. c4 e6 3. Nc3 d5 4. e3 c5 5. cxd5 exd5 6. d4 Nc6 7. Bb5 a6 8. Be2 cxd4 9. Nxd4 Bd6 10. O-O O-O 11.
Bf3 Bc7 12. b3 Qd6 13. g3 Bh3 14. Re1 Rad8 15. Bb2 Ne5 16. Bh1 h5 17. a4 h4 18.
Ba3 Qd7 19. Bxf8 Rxf8 20. Qc2 hxg3 21. hxg3 g6 22. Rac1 Kg7 23. Nce2 Ba5 24. Red1 Rh8 25. Nf4 Bg4 26. Rf1 g5 27. Nd3 Rxh1+ 28. Kxh1 Bf3+ 29.
Nxf3 Qh3+ 30. Nh2 Nf3 0-1

[Event "Late-Titled-Tuesday-Blitz-April-02-2024"]
[Site "Chess.com"]
[Date "2024.04.02"]
[Round "5"]
[White "DraningWaterHi"]
[Black "picturesquecheck"]
[Result "1-0"]
[WhiteElo "2294"]
[BlackElo "2379"]
[TimeControl "180+1"]
[EndTime "14:52:09 PDT"]
[Termination "DraningWaterHi won by resignation"]

1. d4 d5 2. Bf4 Nf6 3. e3 e6 4. Nd2 Bd6 5. Ngf3 O-O 6. Bd3 c5 7. c3 Qc7 8. Ne5 Nbd7 9. Ndf3 b6 10. O-O Bb7 11. Re1 Rac8 12. Rc1 Rfd8 13. h3 Ne4 14. Nxd7 Bxf4 15. exf4 Rxd7 16. Ne5 Rdd8 17. f3 Nf6 18.
Qd2 Qe7 19. f5 cxd4 20. cxd4 Rxc1 21. Rxc1 Rc8 22. fxe6 fxe6 23. a3 Nh5 24. g4 Rxc1+ 25. Qxc1 Qh4 26. Qf1 Nf4 27. Kh2 g6 28. Bb5 Kg7 29. b4 a6 30. Bd3 a5 31. b5 Bc8 32.
a4 Bd7 33. Nxd7 h5 34. Ne5 Qf6 35. Qf2 Nxd3 36. Nxd3 e5 37. dxe5 1-0

[Event "Late-Titled-Tuesday-Blitz-April-02-2024"]
[Site "Chess.com"]
[Date "2024.04.02"]
[Round "5"]
[White "LikeWater"]
[Black "Narek_Ghimoyan"]
[Result "0-1"]
[WhiteElo "2617"]
[BlackElo "2476"]
[TimeControl "180+1"]
[EndTime "14:52:11 PDT"]
[Termination "Narek_Ghimoyan won by checkmate"]

1. e4 e6 2. Nf3 d5 3. e5 c5 4. b4 cxb4 5. a3 bxa3 6. d4 Nc6 7. c3 Nge7 8. Bd3 Nf5 9. O-O Be7 10. Kh1 O-O 11.
g4 Nh4 12. Nxh4 Bxh4 13. Bxa3 Be7 14. f4 Bxa3 15. Nxa3 f6 16. Nb5 Bd7 17. Nd6 b6 18. Qc2 h6 19. Bh7+ Kh8 20. Bg6 Kg8 21. Rae1 fxe5 22. dxe5 Qh4 23. Qg2 Ne7 24. Bb1 a5 25.
Re3 Nc8 26. Qc2 Nxd6 27. exd6 Rf6 28. Qh7+ Kf7 29. g5 hxg5 30. Bg6+ Kf8 31. Rh3 Qxh7 32. Rxh7 Kg8 33. Bb1 Rxf4 34. Rg1 Raf8 35. Rxg5 Rf1+ 36.
Kg2 R8f2+ 37. Kg3 Rf7 38. Rgh5 R7f3+ 39. Kg4 e5+ 40. Kh4 Rf4+ 41. Kg5 Rg1# 0-1

[Event "Late-Titled-Tuesday-Blitz-April-02-2024"]
[Site "Chess.com"]
[Date "2024.04.02"]
[Round "5"]
[White "dedpihto_v_kozhanom_palto"]
[Black "Veleamater"]
[Result "1-0"]
[WhiteElo "2722"]
[BlackElo "2423"]
[TimeControl "180+1"]
[EndTime "14:52:13 PDT"]
[Termination "dedpihto_v_kozhanom_palto won on time"]

1. c4 Nf6 2. Nc3 g6 3. e4 d6 4. d4 Bg7 5. f4 O-O 6. Nf3 c5 7. d5 Bg4 8. Be2 e6 9. O-O Re8 10. h3 Bxf3 11. Bxf3 exd5 12. cxd5 Nbd7 13. g4 c4 14. g5 Nh5 15. Bxh5 gxh5 16. Qxh5 Bxc3 17. bxc3 Rxe4 18. f5 Ne5 19. Bf4 Nd3 20. Bg3 Qb6+ 21. Kh1 Qe3 22. g6 fxg6 23. fxg6 h6 24. g7 Re7 25. Rf8+ Rxf8 26. gxf8=Q+ Kxf8 27. Bxd6 Qe4+ 28. Kh2 Nf4 29. Qxh6+ Ke8 30. Qxf4 Qe2+ 31. Kh1 Re3 32. Qg4 Qd3 33. Qc8+ Kf7 34. Qf8+ Kg6 35. Rg1+ Kh5 36. Qh8+ 1-0

[Event "Late-Titled-Tuesday-Blitz-April-02-2024"]
[Site "Chess.com"]
[Date "2024.04.02"]
[Round "5"]
[White "BogdanDeac"]
[Black "mishanick"]
[Result "0-1"]
[WhiteElo "3101"]
[BlackElo "3044"]
[TimeControl "180+1"]
[EndTime "14:52:15 PDT"]
[Termination "mishanick won by resignation"]

1. d4 Nf6 2. c4 e6 3. Nf3 d5 4.
Nc3 Nbd7 5. g3 c6 6. Qd3 b6 7. cxd5 cxd5 8. Bf4 Nh5 9. Bg5 Be7 10. Bxe7 Qxe7 11.
Ne5 O-O 12. Bg2 Nhf6 13. O-O Bb7 14. f4 Rfc8 15. Rac1 Ne8 16. e4 dxe4 17. Nxe4 Rxc1 18. Rxc1 Ndf6 19. Ng5 Bxg2 20. Kxg2 Nd6 21. Ng4 Qb7+ 22. Kh3 Nfe4 23. Nxe4 Nxe4 24. Qe2 Qd5 25. Ne5 Rf8 26. Nf3 h6 27. a3 Qb7 28. Ne5 Nd6 29. Rc6 Nf5 30. Qe4 Ne7 31. d5 exd5 0-1

[Event "Late-Titled-Tuesday-Blitz-April-02-2024"]
[Site "Chess.com"]
[Date "2024.04.02"]
[Round "5"]
[White "kleber2007"]
[Black "Evgeny81"]
[Result "0-1"]
[WhiteElo "2484"]
[BlackElo "2750"]
[TimeControl "180+1"]
[EndTime "14:52:15 PDT"]
[Termination "Evgeny81 won by resignation"]

1. Nf3 c5 2. c4 Nc6 3. Nc3 g6 4. e3 Bg7 5. d4 cxd4 6. exd4 d6 7. d5 Ne5 8. Nxe5 Bxe5 9. Bd3 Bg7 10. O-O Nf6 11. h3 O-O 12. Be3 a6 13. Qd2 Re8 14. Rfe1 Bd7 15. Bh6 Bh8 16. Re2 b6 17. Rae1 b5 18.
cxb5 axb5 19. Bxb5 Bxb5 20. Nxb5 Rxa2 21. Nd4 Qd7 22.
Nc6 e5 23. f4 e4 24. Bg5 Qb7 25. Bxf6 Bxf6 26. Rxe4 Rxe4 27. Rxe4 Rxb2 28. Qe3 Kg7 29. Kh2 h5 30. Qf3 Qb6 31. Re1 Rf2 32. Qe4 Qb2 33.
Kh1 Qd2 34. Qe3 Rxg2 35. Qxd2 Rxd2 36. Nb4 Rd4 37. Nc6 0-1

[Event "Late-Titled-Tuesday-Blitz-April-02-2024"]
[Site "Chess.com"]
[Date "2024.04.02"]
[Round "5"]
[White "Blackmind96"]
[Black "Koalaskakistis"]
[Result "1-0"]
[WhiteElo "2761"]
[BlackElo "2537"]
[TimeControl "180+1"]
[EndTime "14:52:16 PDT"]
[Termination "Blackmind96 won by resignation"]

1. d4 f5 2. Nc3 Nf6 3. Bg5 d5 4. f3 Nc6 5. Qd2 h6 6. Bh4 e6 7. a3 Be7 8. e3 O-O 9. Bb5 Qe8 10. Nge2 Bd7 11. Bxc6 Bxc6 12. O-O Bd6 13. Nc1 Bxh2+ 14. Kxh2 Qh5 15. Qf2 g5 16. Nd3 gxh4 17. Nf4 Qf7 18.
Qxh4 Kh7 19. Rh1 Bd7 20. Kg1 Qg7 21. Kf2 Rg8 22. Rag1 Qg5 23. Nd3 Rg7 24. Qxg5 Rxg5 25. Ne5 Be8 26. Ne2 Rc8 27. Nf4 c5 28. Nxe6 Rg8 29. c3 cxd4 30. exd4 b6 31. Rh4 a5 32.
Rgh1 h5 33. Nf4 Bg6 34. Nfxg6 1-0

[Event "Late-Titled-Tuesday-Blitz-April-02-2024"]
[Site "Chess.com"]
[Date "2024.04.02"]
[Round "5"]
[White "Rsnr"]
[Black "1mbl4"]
[Result "1-0"]
[WhiteElo "2877"]
[BlackElo "2626"]
[TimeControl "180+1"]
[EndTime "14:52:18 PDT"]
[Termination "Rsnr won on time"]

1. d4 d5 2. c4 c6 3. Nf3 Nf6 4. Qc2 g6 5. Bf4 Bg7 6. e3 O-O 7. Nc3 Bf5 8. Qb3 Qb6 9. c5 Qxb3 10. axb3 Nbd7 11. b4 a6 12. h3 Ne4 13. g4 Be6 14.
Bd3 Nxc3 15. bxc3 f6 16. Bg3 Bf7 17. Nd2 e5 18. Nb3 Rac8 19. Na5 Rc7 20. Kd2 Re8 21. Rhg1 Nf8 22. f4 Rce7 23. f5 exd4 24. exd4 Bh6+ 25. Kc2 Be3 26. Rge1 Bh6 27. Rxe7 Rxe7 28. Re1 Rd7 29. Bd6 Kg7 30. h4 Kg8 31. Re7 Kg7 32. Nxb7 1-0

[Event "Late-Titled-Tuesday-Blitz-April-02-2024"]
[Site "Chess.com"]
[Date "2024.04.02"]
[Round "5"]
[White "Aygehovit1992"]
[Black "ansko1999"]
[Result "1-0"]
[WhiteElo "2871"]
[BlackElo "2625"]
[TimeControl "180+1"]
[EndTime "14:52:18 PDT"]
[Termination "Aygehovit1992 won by resignation"]

1. e4 d6 2. d4 Nf6 3. Nc3 c6 4. f4 Qa5 5. Bd3 e5 6. Nf3 exd4 7. Nxd4 g6 8. Nb3 Qc7 9. O-O Bg7 10. f5 O-O 11.
Qe1 Nbd7 12. Qh4 Ne5 13. Bh6 Bxh6 14. Qxh6 Nfg4 15. Qh4 Qd8 16. f6 Qb6+ 17. Kh1 Qe3 18. Be2 Qh6 19. Qxh6 Nxh6 20. h3 Be6 21. Rad1 Rfd8 22.
Nd4 Bc4 23. g4 Kf8 24. g5 Ng8 25. b3 Bxe2 26. Ncxe2 d5 27. exd5 Rxd5 28. Nf4 Ra5 29. Rfe1 Re8 30. h4 h6 31. Nde6+ fxe6 32. Rxe5 hxg5 33.
hxg5 1-0

[Event "Late-Titled-Tuesday-Blitz-April-02-2024"]
[Site "Chess.com"]
[Date "2024.04.02"]
[Round "5"]
[White "ritanovikova"]
[Black "egnfanclub"]
[Result "1-0"]
[WhiteElo "2173"]
[BlackElo "2364"]
[TimeControl "180+1"]
[EndTime "14:52:20 PDT"]
[Termination "ritanovikova won on time"]

1. e4 e5 2. Nf3 Nc6 3. Bb5 a6 4. Ba4 d6 5. Bxc6+ bxc6 6. d4 f6 7. dxe5 fxe5 8. h3 Nf6 9. Nc3 Be7 10. O-O O-O 11. Qe2 h6 12. Rd1 a5 13. Nxe5 Ba6 14. Qe1 Qe8 15. Nd3 Nh5 16. e5 d5 17.
Qe2 Qg6 18. Qg4 Qe8 19. Bxh6 Bc8 20. e6 Bf6 21. Re1 Kh7 22. Bg5 Bxc3 23. bxc3 g6 24.
Nc5 Rf5 25. Qh4 1-0

[Event "Late-Titled-Tuesday-Blitz-April-02-2024"]
[Site "Chess.com"]
[Date "2024.04.02"]
[Round "5"]
[White "bipe137"]
[Black "Angry_Twin"]
[Result "0-1"]
[WhiteElo "2658"]
[BlackElo "2921"]
[TimeControl "180+1"]
[EndTime "14:52:21 PDT"]
[Termination "Angry_Twin won by resignation"]

1. d4 Nf6 2. c4 e6 3. Nc3 Bb4 4.
Qb3 c5 5. dxc5 Nc6 6. Nf3 Bxc5 7. Qc2 O-O 8. Bg5 h6 9. Bh4 Be7 10. Rd1 d6 11. e3 b6 12. Be2 Bb7 13. O-O a6 14. h3 Qc7 15. Rc1 Rac8 16. Rfd1 Qb8 17.
Bg3 Rfd8 18. b3 Qa8 19. Qb2 Rd7 20. Ne1 Rcd8 21. Bf3 Na5 22. Bxb7 Qxb7 23. Nc2 b5 24. cxb5 axb5 25. a3 d5 26. Nd4 b4 27. axb4 Bxb4 28. Be5 Ne8 29. Na4 Bf8 30. Nc5 Bxc5 31. Rxc5 Nc4 32. Qa1 Nxe5 33. Nxe6 fxe6 34. Qxe5 Re7 35.
Rdc1 Qxb3 36. Rc8 Rxc8 37. Rxc8 Qb7 38. Rd8 Qc6 39. f4 Kf8 40. f5 Qc7 41. Qxc7 Rxc7 42. fxe6 Ke7 43. Rxd5 Kxe6 0-1

[Event "Late-Titled-Tuesday-Blitz-April-02-2024"]
[Site "Chess.com"]
[Date "2024.04.02"]
[Round "5"]
[White "youngdinousaur"]
[Black "misterlamine"]
[Result "0-1"]
[WhiteElo "2231"]
[BlackElo "2466"]
[TimeControl "180+1"]
[EndTime "14:52:21 PDT"]
[Termination "misterlamine won by resignation"]

1. d4 c6 2. Nf3 d5 3. Bf4 Nf6 4. e3 e6 5. c4 Bb4+ 6. Nc3 Qa5 7. Qb3 Ne4 8. Rc1 Nxc3 9. bxc3 Ba3 10. Rb1 Nd7 11. cxd5 exd5 12. Bd3 O-O 13. O-O Nf6 14. c4 Be6 15. Qxb7 dxc4 16. Bc2 Qc3 17. Ba4 Nd5 18.
Bg3 Bf5 19. Bxc6 Bxb1 20. Bxd5 Bd3 21. Be5 Bxf1 22. Bxf7+ Rxf7 23. Qxa8+ Bf8 24. Kxf1 Qd3+ 25. Ke1 c3 26. Qc8 Qb1+ 27. Ke2 c2 28. Nd2 Qd1+ 29. Kd3 c1=Q 0-1

[Event "Late-Titled-Tuesday-Blitz-April-02-2024"]
[Site "Chess.com"]
[Date "2024.04.02"]
[Round "5"]
[White "combidharma"]
[Black "Crazy_girl99"]
[Result "0-1"]
[WhiteElo "2844"]
[BlackElo "2639"]
[TimeControl "180+1"]
[EndTime "14:52:25 PDT"]
[Termination "Crazy_girl99 won on time"]

1. e4 e5 2. Nf3 Nc6 3. d4 exd4 4. Nxd4 Nf6 5. Nxc6 bxc6 6. e5 Qe7 7. Qe2 Nd5 8.
h4 a5 9. g3 a4 10. c4 Ba6 11.
Bg2 g6 12. O-O Bg7 13. Re1 O-O 14. Nd2 Rae8 15. Nf3 f6 16. Qd1 Bxc4 17. Qxa4 Bb5 18. Qc2 fxe5 19. Bg5 Qf7 20. a4 Ba6 21. Re4 h6 22. Bd2 Qf5 23. Rae1 Rb8 24. g4 Qf7 25.
Qc1 Rb3 26. Bxh6 Rxf3 27. Bxg7 Kxg7 28. Bxf3 Qxf3 29. Qd2 Nf4 30. Rxf4 Rxf4 0-1